[Event "Team 45 45 League T55"]
[Site "Internet Chess Club"]
[Date "2012.11.17"]
[Round "1"]
[White "SeniorCitizen"]
[Black "Just-Jim"]
[Result "1-0"]
[WhiteElo "1359"]
[BlackElo "1433"]
[Opening "Danish gambit"]
[ECO "C21"]
[Time "16:00:36"]
[TimeControl "2700+45"]

1. e4 e5 2. d4 exd4 3. c3 dxc3 4. Bc4 cxb2 5. Bxb2 Nh6 6. Nf3 Bb4+ 7. Nbd2 O-O
8. O-O d6 9. h3 Be6 10. Bxe6 fxe6 11. Qb3 Bxd2 12. Nxd2 Qd7 13. Nf3 c5 14. Rad1
Rf7 15. Ng5 Re7 16. Be5 Nf7 17. Nxf7 Rxf7 18. Rxd6 Qe7 19. Rxe6 Qf8 20. Bd6 Qc8
21. Qd5 Qc6 22. Qxc5 Nd7 23. Qxc6 bxc6 24. Re7 Rxe7 25. Bxe7 Re8 26. Bg5 Rxe4
27. Rc1 Ne5 28. Be3 a6 29. Rc3 Kf7 30. Ra3 Nc4 31. Rxa6 Re5 32. Rxc6 Re4 33. Kf1
Nxe3+ 34. fxe3 Rxe3 35. Rc2 h6 36. Rb2 Ra3 37. Ke2 g5 38. Kd1 Kg6 39. Kc1 Kf5
40. Kb1 Kf4 41. Rb3 Ra6 42. Rc3 Rd6 43. g3+ Ke4 44. Kc2 Ra6 45. a3 Rf6 46. a4
Rf2+ 47. Kb3 Rf8 48. a5 Ra8 49. Ka4 Ra6 50. Kb5 Ra8 51. a6 Kf5 52. Ka5 h5 53.
Kb6 h4 54. a7 Rxa7 55. Kxa7 hxg3 56. Rxg3 Kf4 57. Ra3 {Black resigns} 1-0

[Event "Team 45 45 League T55"]
[Site "Internet Chess Club"]
[Date "2012.11.17"]
[Round "1"]
[White "PsyMar"]
[Black "Sanjaya"]
[Result "1-0"]
[WhiteElo "1344"]
[BlackElo "1182"]
[Opening "French defense"]
[ECO "C01"]
[Time "18:55:12"]
[TimeControl "2700+45"]

1. e4 e6 2. d4 Bb4+ 3. c3 Ba5 4. Be3 d5 5. a4 dxe4 6. b4 Bb6 7. a5 Bxd4 8. Qxd4
Qxd4 9. Bxd4 Nf6 10. Nd2 Nc6 11. Be3 Nd5 12. Nxe4 f5 13. Nd2 f4 14. Bc5 b6 15.
axb6 cxb6 16. Bb5 Kd7 17. Bxc6+ Kc7 18. Bxa8 bxc5 19. Bxd5 exd5 20. Rxa7+ Bb7
21. Ne2 Kb6 22. Rxb7+ Kxb7 23. bxc5 Re8 24. Nf3 Kc6 25. Nd4+ Kxc5 26. O-O Kc4
27. f3 Re3 28. Kf2 g5 29. Nf5 Rxc3 30. Nxc3 Kxc3 31. Ke2 h5 32. Rd1 g4 33. fxg4
hxg4 34. Rxd5 g3 35. hxg3 fxg3 36. Nxg3 Kc2 37. Rc5+ Kb3 38. Kd3 Kb4 39. Kd4 Kb3
40. Rc4 Kb2 41. Rc3 Kb1 42. Kc4 Kb2 43. Kb4 Kb1 44. Kb3 Ka1 45. Rc1# {Black
checkmated} 1-0

[Event "Team 45 45 League T55"]
[Site "Internet Chess Club"]
[Date "2012.11.15"]
[Round "1"]
[White "BosqueVerde"]
[Black "rgadoury"]
[Result "1/2-1/2"]
[WhiteElo "1185"]
[BlackElo "1267"]
[Opening "QGD Slav: 4.Nc3"]
[ECO "D15"]
[Time "20:01:24"]
[TimeControl "2700+45"]

1. d4 Nf6 2. c4 d5 3. Nc3 c6 4. Nf3 Nbd7 5. Bg5 e6 6. Qc2 Be7 7. e3 O-O 8. c5
Re8 9. Bd3 g6 10. O-O b6 11. b4 b5 12. a4 a6 13. axb5 cxb5 14. h3 Nh5 15. Bh6
Bf6 16. e4 dxe4 17. Nxe4 Be7 18. Bg5 Bb7 19. c6 Bxc6 20. Qxc6 Bxg5 21. Nfxg5 Nf4
22. Nd6 Nxd3 23. Nxe8 Qxe8 24. Rxa6 Rxa6 25. Qxa6 Nxb4 26. Qxb5 Nd5 27. Ra1 Kg7
28. Qc6 Qe7 29. Ra7 Qxg5 30. Qxd7 Qf6 31. g3 g5 32. Kg2 h5 33. Qe8 Qf5 34. Rb7
h4 35. Rb8 Qe4+ 36. Kh2 hxg3+ 37. Kxg3 Qf4+ 38. Kg2 Qe4+ 39. Kf1 Qh1+ 40. Ke2
Qe4+ 41. Kd2 Qxd4+ 42. Ke2 Nf4+ 43. Kf3 Qd2 44. Qg8+ Kf6 45. Qh8+ Kf5 46. Rb5+
Nd5 47. Qh7+ Ke5 48. Qg7+ Kd6 49. Qf8+ Ke5 50. Qg7+ Kd6 {Game drawn by mutual
agreement} 1/2-1/2

[Event "Team 45 45 League T55"]
[Site "Internet Chess Club"]
[Date "2012.11.17"]
[Round "1"]
[White "oldbookseller"]
[Black "theartist"]
[Result "1-0"]
[WhiteElo "1109"]
[BlackElo "1141"]
[Opening "Queen's pawn game"]
[ECO "D05"]
[Time "13:02:14"]
[TimeControl "2700+45"]

1. d4 Nf6 2. Nf3 e6 3. e3 d5 4. Bd3 c5 5. Nbd2 Nc6 6. O-O Bd6 7. c3 O-O 8. a3 e5
9. e4 exd4 10. cxd4 cxd4 11. e5 Nxe5 12. Nxd4 Nxd3 13. N2f3 Ne5 14. Bf4 Re8 15.
h3 Nc4 16. Qc1 Bxf4 17. Qxf4 Re4 18. Qc1 Bd7 19. b3 Nd6 20. Qb2 Qe7 21. Rac1 Rc8
22. Ng5 Re5 23. Ndf3 Rf5 24. Qd2 h6 25. g4 Rxf3 26. Nxf3 Nfe4 27. Qe3 Qh4 28.
Nxh4 {Black resigns} 1-0

[Event "Team 45 45 League T55"]
[Site "Internet Chess Club"]
[Date "2012.11.17"]
[Round "1"]
[White "room-matt"]
[Black "Egmont"]
[Result "1/2-1/2"]
[WhiteElo "1834"]
[BlackElo "1758"]
[Opening "Richter-Veresov attack"]
[ECO "D01"]
[Time "11:00:45"]
[TimeControl "2700+45"]

1. d4 d5 2. Nc3 Nf6 3. Bg5 h6 4. Bf4 c6 5. e3 Bf5 6. Bd3 Bxd3 7. Qxd3 e6 8. Nf3
Bd6 9. Ne2 Ne4 10. O-O O-O 11. c4 Nd7 12. cxd5 exd5 13. Bxd6 Nxd6 14. Nf4 Ne4
15. Qb3 Qb6 16. Qc2 Rfe8 17. Nd2 Qa5 18. Nb3 Qb6 19. Rfe1 Re7 20. f3 Nd6 21. Re2
Rae8 22. Rae1 Nb5 23. Qd3 Qc7 24. g4 Qd6 25. h4 Qf6 26. Rh2 Nf8 27. h5 Ne6 28.
Nxe6 Rxe6 29. Rf2 Qg5 30. Rfe2 Qh4 31. Kg2 Qf6 32. Nc5 R6e7 33. Nb3 Re6 {Game
drawn by mutual agreement} 1/2-1/2

[Event "Team 45 45 League T55"]
[Site "Internet Chess Club"]
[Date "2012.11.20"]
[Round "1"]
[White "kpjw"]
[Black "hondocando"]
[Result "1/2-1/2"]
[WhiteElo "1608"]
[BlackElo "1668"]
[Opening "Queen's pawn: London system"]
[ECO "A45"]
[Time "15:00:48"]
[TimeControl "2700+45"]

1. d4 Nf6 2. Bf4 e6 3. e3 d5 4. Nf3 Bd6 5. Bd3 Bxf4 6. exf4 Nc6 7. c3 Ne4 8.
Nbd2 f5 9. Ne5 Nxe5 10. fxe5 Nxd2 11. Qxd2 Qe7 12. O-O-O Bd7 13. h4 h5 14. f3
O-O-O 15. Rdg1 Rdg8 16. Qf4 g5 17. hxg5 Qxg5 {Game drawn by mutual agreement}
1/2-1/2

[Event "Team 45 45 League T55"]
[Site "Internet Chess Club"]
[Date "2012.11.17"]
[Round "1"]
[White "doublepar"]
[Black "werty"]
[Result "0-1"]
[WhiteElo "1571"]
[BlackElo "1516"]
[Opening "French: Rubinstein variation"]
[ECO "C03"]
[Time "14:30:35"]
[TimeControl "2700+45"]

1. e4 e6 2. d4 d5 3. Nd2 dxe4 4. Nxe4 Nd7 5. Nf3 Ngf6 6. Nxf6+ Nxf6 7. Bd3 c5 8.
Bb5+ Bd7 9. Bxd7+ Qxd7 10. Bf4 cxd4 11. Nxd4 O-O-O 12. O-O Qxd4 13. Qxd4 Rxd4
14. Be3 Rc4 15. c3 b6 16. Rfd1 Bc5 17. Bxc5 Rxc5 {White resigns} 0-1

[Event "Team 45 45 League T55"]
[Site "Internet Chess Club"]
[Date "2012.11.18"]
[Round "1"]
[White "Zugzwanged"]
[Black "DutchBird"]
[Result "1-0"]
[WhiteElo "1674"]
[BlackElo "1384"]
[Opening "Philidor: exchange variation"]
[ECO "C41"]
[Time "09:30:35"]
[TimeControl "2700+45"]

1. e4 e5 2. Nf3 d6 3. d4 exd4 4. Nxd4 Nf6 5. Nc3 Be7 6. Bf4 O-O 7. Qd2 Nc6 8.
O-O-O Nxd4 9. Qxd4 Be6 10. f3 Nd7 11. Kb1 Bf6 12. Qd2 Nb6 13. g4 Be5 14. Be2 Bc4
15. Bxe5 dxe5 16. Bxc4 Qxd2 17. Rxd2 Nxc4 18. Rd7 Rfc8 19. Nd5 Rd8 20. Rxc7 Nd2+
21. Kc1 Nxf3 22. h4 Nd4 23. Rxb7 Ne2+ 24. Kd2 Nf4 25. c4 Rab8 26. Rxb8 Rxb8 27.
b3 Ne6 28. Rb1 Nc5 29. Ke3 Na4 30. b4 Nb6 31. Nxb6 axb6 32. Rd1 Kf8 33. Rd5 f6
34. Rb5 Ke7 35. c5 Kd7 36. Rxb6 Rxb6 37. cxb6 Kc6 38. a4 Kxb6 39. a5+ Kb5 40.
Kf3 g6 41. h5 {Black resigns} 1-0

[Event "Team 45 45 League T55"]
[Site "Internet Chess Club"]
[Date "2012.11.18"]
[Round "1"]
[White "bayoumicardio10"]
[Black "Timotheous"]
[Result "0-1"]
[WhiteElo "1606"]
[BlackElo "1811"]
[Opening "Sicilian: Grand Prix attack"]
[ECO "B23"]
[Time "14:00:29"]
[TimeControl "2700+45"]

1. e4 c5 2. Nc3 Nc6 3. f4 g6 4. Nf3 Bg7 5. Bb5 Nd4 6. O-O Nxb5 7. Nxb5 d6 8. d3
a6 9. Nc3 Nf6 10. Qe1 b5 11. e5 dxe5 12. fxe5 Nd5 13. Ng5 O-O 14. e6 Nxc3 15.
exf7+ Kh8 16. bxc3 b4 17. Nxh7 Bxc3 18. Qh4 Qd4+ 19. Qxd4+ Bxd4+ 20. Kh1 Kxh7
21. Rb1 Be6 22. c4 Rxf7 23. Rxf7+ Bxf7 24. a3 a5 25. Bg5 Bf6 26. Be3 Rd8 27.
Bxc5 Rxd3 28. axb4 axb4 29. Bxb4 Bxc4 30. h3 Rb3 31. Rxb3 Bxb3 32. Kg1 e5 33.
Bc3 Kg7 34. Bd2 e4 35. Be3 Kf7 36. g4 Ke6 37. Kf2 Kd5 38. Kg3 Bd4 39. Bxd4 Kxd4
40. h4 e3 41. Kf3 Kd3 {White resigns} 0-1

[Event "Team 45 45 League T55"]
[Site "Internet Chess Club"]
[Date "2012.11.17"]
[Round "1"]
[White "supermessi"]
[Black "Warpdrive"]
[Result "0-1"]
[WhiteElo "1595"]
[BlackElo "1721"]
[Opening "King's Indian: Petrosian system"]
[ECO "E92"]
[Time "20:30:46"]
[TimeControl "2700+45"]

1. d4 Nf6 2. c4 g6 3. Nc3 Bg7 4. e4 d6 5. Nf3 O-O 6. Be2 e5 7. d5 Na6 8. O-O Nc5
9. Qc2 a5 10. a4 Ne8 11. Be3 b6 12. Nd2 f5 13. f3 f4 14. Bf2 Nf6 15. Nb5 g5 16.
Qd1 h5 17. h3 Kh7 18. Re1 Rg8 19. Nf1 Bh6 20. Nh2 Bd7 21. b3 Qc8 22. Bxc5 bxc5
23. Bf1 g4 24. hxg4 hxg4 25. fxg4 Nxg4 26. Nf3 Ne3 27. Qe2 Bh3 28. Nh4 Qd8 29.
Qf2 Rg3 30. Rxe3 Rxe3 31. gxh3 Qg5+ 32. Kh1 Qg3 33. Qxg3 Rxg3 34. Nxc7 Rag8 35.
Bg2 f3 36. Nxf3 Rxg2 37. Rg1 Rxg1+ 38. Nxg1 Rg3 39. Nb5 Bf8 40. Kh2 Rxb3 41. Kg2
Rb4 42. Nf3 Rxc4 43. Ng5+ Kg8 44. h4 Rxa4 45. h5 Rb4 46. Nc3 a4 47. Ne6 a3 48.
Nxf8 Kxf8 {White resigns} 0-1

[Event "Team 45 45 League T55"]
[Site "Internet Chess Club"]
[Date "2012.11.19"]
[Round "1"]
[White "PaulaR"]
[Black "rahulr"]
[Result "1-0"]
[WhiteElo "1537"]
[BlackElo "1498"]
[Opening "Alekhine's defense: Scandinavian variation"]
[ECO "B02"]
[Time "14:04:53"]
[TimeControl "2700+45"]

1. e4 Nf6 2. Nc3 d5 3. e5 Nfd7 4. Nf3 e6 5. d4 c5 6. Bf4 Nc6 7. Bb5 cxd4 8. Nxd4
Qb6 9. Be3 Bc5 10. Bxc6 bxc6 11. Na4 Qa5+ 12. c3 Bxd4 13. Bxd4 c5 14. Nxc5 Nxc5
15. b4 Qc7 16. bxc5 O-O 17. O-O Ba6 18. Re1 Rab8 19. Qa4 Bb5 20. Qc2 Rb7 21.
Rab1 Rfb8 22. Rb4 a5 23. Rb2 a4 24. a3 Qa5 25. Reb1 Qa6 26. Rb4 g6 27. Qb2 Kf8
28. f3 Ke7 29. Kf2 Kd7 30. Ke3 Kc7 31. Qf2 Bd3 32. Rb6 Qc4 33. R1b4 Rxb6 34.
cxb6+ {Black resigns} 1-0

[Event "Team 45 45 League T55"]
[Site "Internet Chess Club"]
[Date "2012.11.19"]
[Round "1"]
[White "krysto"]
[Black "oldsj"]
[Result "0-1"]
[WhiteElo "1579"]
[BlackElo "1610"]
[Opening "King's Indian: London system"]
[ECO "A45"]
[Time "09:01:27"]
[TimeControl "2700+45"]

1. d4 Nf6 2. Bf4 g6 3. Nf3 Bg7 4. e3 d6 5. Be2 O-O 6. h3 Nbd7 7. c4 c5 8. Nc3 a6
9. a4 Re8 10. O-O e5 11. Bh2 exd4 12. exd4 Nf8 13. Re1 Bf5 14. Nh4 Be4 15. Nxe4
Nxe4 16. Nf3 cxd4 17. Nxd4 Qb6 18. Bf3 Nxf2 19. Kxf2 Bxd4+ 20. Kf1 Qxb2 21. Bg3
Rxe1+ 22. Qxe1 Qxa1 23. Qxa1 Bxa1 24. Bxb7 Rb8 25. Bxa6 Be5 26. Bf2 Nd7 27. Bb5
Nc5 28. Bxc5 dxc5 29. a5 Bc7 30. a6 Bb6 31. Ke2 Rd8 32. Kf3 Rd4 33. Ke3 f6 34.
Kf3 Kf7 35. Ke3 Ke6 36. Kf3 Ke5 37. Ke3 f5 38. Kf3 g5 39. Ke3 h6 40. Kf3 Rd3+
41. Ke2 Kd4 {White resigns} 0-1

[Event "Team 45 45 League T55"]
[Site "Internet Chess Club"]
[Date "2012.11.17"]
[Round "1"]
[White "Tjet"]
[Black "whiskeytown"]
[Result "1/2-1/2"]
[WhiteElo "1488"]
[BlackElo "1525"]
[Opening "English, 1...Nf6 (Anglo-Indian defense)"]
[ECO "A15"]
[Time "15:05:10"]
[TimeControl "2700+45"]

1. c4 Nf6 2. g3 g6 3. Bg2 Bg7 4. Nc3 O-O 5. e4 d6 6. Nge2 c5 7. O-O Nc6 8. d3 a6
9. h3 Rb8 10. Be3 Ne8 11. Rb1 Nc7 12. Nd5 b5 13. b3 Bd7 14. Nxc7 Qxc7 15. d4
bxc4 16. dxc5 cxb3 17. Rxb3 Rxb3 18. axb3 dxc5 19. Bxc5 Be6 20. b4 Bc4 21. Re1
Rd8 22. Qc1 {Game drawn by mutual agreement} 1/2-1/2

[Event "Team 45 45 League T55"]
[Site "Internet Chess Club"]
[Date "2012.11.20"]
[Round "1"]
[White "QuimCatala"]
[Black "stanbeers"]
[Result "0-1"]
[WhiteElo "1358"]
[BlackElo "1434"]
[Opening "Philidor: Hanham variation"]
[ECO "B07"]
[Time "17:00:08"]
[TimeControl "2700+45"]

1. e4 d6 2. d4 Nd7 3. Nf3 e5 4. d5 c6 5. Nc3 Ngf6 6. Bg5 Be7 7. Bc4 O-O 8. Qd2
Nc5 9. Bxf6 Bxf6 10. b4 Nd7 11. dxc6 bxc6 12. Qxd6 Qb6 13. O-O Re8 14. a3 Be7
15. Qd2 Qb8 16. Rab1 Nf6 17. Ng5 h6 18. Nxf7 Kh7 19. Qe2 Bg4 20. Qe3 Bh5 21. Qg3
Bxf7 22. Bxf7 Rf8 23. Bg6+ Kh8 24. Rbd1 Qc7 25. Ne2 Rad8 26. c4 Rxd1 27. Rxd1
Rd8 28. Rxd8+ Qxd8 29. h3 Qd1+ 30. Kh2 Qxe2 31. Qxe5 Bd8 32. f3 Qd2 33. h4 Qd7
34. Qc5 Be7 35. Qe3 Bd8 36. c5 Bc7+ 37. g3 Qe6 38. Bf5 Qa2+ 39. Kh3 Qa1 40. Qe2
Qh1+ 41. Qh2 Qxf3 42. Qg2 Qxa3 43. Qf2 Qxb4 44. g4 Qc3+ 45. Kg2 Qe5 46. g5 Qh2+
47. Kf1 Qxf2+ 48. Kxf2 hxg5 49. hxg5 Nh7 50. g6 Nf6 51. Ke3 Kg8 52. Kd4 Kf8 53.
e5 Ng8 54. Bd7 Ne7 55. e6 Nxg6 56. Bxc6 Ke7 57. Bd5 Nf4 58. Ke4 Nxd5 59. Kxd5 a5
60. c6 a4 61. Kc4 a3 62. Kb3 Bd6 63. Ka2 Kxe6 64. c7 Bxc7 65. Kxa3 Ke5 66. Kb3
Ke4 67. Kc4 g5 68. Kc3 Ke3 69. Kc4 g4 {White resigns} 0-1

[Event "Team 45 45 League T55"]
[Site "Internet Chess Club"]
[Date "2012.11.19"]
[Round "1"]
[White "Fogbound"]
[Black "tamky70"]
[Result "0-1"]
[WhiteElo "1265"]
[BlackElo "1388"]
[Opening "Queen's Pawn"]
[ECO "A41"]
[Time "15:00:24"]
[TimeControl "2700+45"]

1. d4 d6 2. Nf3 g6 3. Bg5 Bg7 4. e3 c5 5. c3 Nc6 6. Be2 cxd4 7. exd4 Bd7 8. O-O
Nf6 9. Nbd2 O-O 10. Re1 e5 11. d5 Ne7 12. Bc4 b5 13. Bb3 a5 14. Bxf6 Bxf6 15.
Ne4 a4 16. Bc2 Bg7 17. Nxd6 Bf5 18. Nxf5 Nxf5 19. Be4 Nd6 20. Bc2 Re8 21. h3 Rc8
22. Nh2 Nc4 23. Rb1 Rc5 24. Be4 f5 25. b4 axb3 26. Rxb3 fxe4 27. Qc2 Nd6 28. Rd1
Rf8 29. Ng4 h5 30. Ne3 Bh6 31. Qe2 Qa5 32. Ng4 Bg7 33. Qe3 Rfc8 34. Nh6+ Kh7 35.
Qg5 Bxh6 36. Qe7+ Bg7 37. Qxd6 Rxc3 38. Qb4 Qa4 39. Qxa4 bxa4 40. Rxc3 Rxc3 41.
d6 Rc8 42. Kf1 Bf8 43. d7 Rd8 44. Ke2 Kg7 45. Ke3 Kf7 46. Kxe4 a3 47. Rd5 Ke7
48. Kxe5 Bg7+ 49. Ke4 Rxd7 50. Rxd7+ Kxd7 51. f3 Kd6 52. g4 hxg4 53. hxg4 g5 54.
Kf5 Kc5 55. Ke4 Kc4 56. Ke3 Kc3 57. Ke2 Kb2 58. Kd1 Kxa2 59. Kc2 Be5 60. Kd3 Kb2
61. Ke4 Bf4 {White resigns} 0-1

[Event "Team 45 45 League T55"]
[Site "Internet Chess Club"]
[Date "2012.11.17"]
[Round "1"]
[White "kwameh72"]
[Black "Juan73"]
[Result "0-1"]
[WhiteElo "1632"]
[BlackElo "1750"]
[Opening "QGD: Marshall defense"]
[ECO "D06"]
[Time "18:04:48"]
[TimeControl "2700+45"]

1. d4 d5 2. c4 Nf6 3. cxd5 Nxd5 4. Nf3 e6 5. e4 Bb4+ 6. Bd2 Bxd2+ 7. Qxd2 Nf6 8.
Bd3 Nc6 9. Bc2 Bd7 10. O-O Qe7 11. a3 h6 12. d5 Nd8 13. dxe6 Bxe6 14. Nc3 Nc6
15. e5 Nd7 16. Nd5 Bxd5 17. Qxd5 O-O-O 18. Bf5 Kb8 19. Qb3 Ndxe5 20. Be4 Nxf3+
21. Bxf3 Rd6 22. Rac1 Qe6 23. Qc3 Qf6 24. Qb3 Rhd8 25. Rc3 Qe6 26. Qa4 Nd4 27.
Bd1 Ne2+ 28. Bxe2 Qxe2 29. h3 Rd1 30. Rxd1 Qxd1+ 31. Qxd1 Rxd1+ 32. Kh2 Rd2 33.
Re3 Kc8 34. b3 Rxf2 35. Kg3 Rf6 36. Rd3 Rd6 37. Re3 Kd7 38. Kh4 g6 39. g4 Re6
40. Rf3 f6 41. Rd3+ Rd6 42. Re3 Rd5 43. b4 a5 44. bxa5 Rxa5 45. Kg3 Kd6 46. h4
c5 47. Rf3 Ke5 48. h5 gxh5 49. Rf5+ Ke6 50. Rxh5 Rxa3+ 51. Kh4 Ra1 52. Rxc5 Rd1
53. Rb5 Rd7 54. Rb6+ Kf7 55. Kh5 Kg7 56. Rb5 Re7 57. Rb6 Rc7 58. Rb5 Rd7 59. Rb6
Re7 60. Rb4 Re5+ 61. Kh4 b5 62. Kg3 Kg6 63. Kh4 h5 64. Rf4 hxg4 65. Rxg4+ Kf5
66. Kh5 Re4 67. Rg8 Re1 68. Rb8 Rh1# {White checkmated} 0-1

[Event "Team 45 45 League T55"]
[Site "Internet Chess Club"]
[Date "2012.11.20"]
[Round "1"]
[White "g8wrb"]
[Black "BrerRabbit"]
[Result "1/2-1/2"]
[WhiteElo "1426"]
[BlackElo "1457"]
[Opening "Pirc: classical (two knights) system"]
[ECO "B08"]
[Time "10:47:25"]
[TimeControl "2700+45"]

1. e4 d6 2. d4 Nf6 3. Nc3 g6 4. Nf3 Bg7 5. Bc4 Nc6 6. Be3 Nxe4 7. Bxf7+ Kxf7 8.
Nxe4 Rf8 9. Qd2 Kg8 10. Bh6 Bf5 11. Bxg7 Kxg7 12. Nc3 Bg4 13. d5 Bxf3 14. gxf3
Ne5 15. O-O-O Nxf3 16. Qe3 Qd7 17. h4 Rf7 18. Ne4 Qf5 19. Ng5 Nxg5 20. hxg5 Qf4
21. Qxf4 Rxf4 22. Rh2 Kg8 23. Re1 Re8 24. Re6 Rf5 25. f4 Rxf4 26. Rhe2 Kf7 27.
b3 Rf5 28. c4 Rxg5 29. Rf2+ Rf5 30. Rxf5+ gxf5 31. Kd2 Rg8 32. Ke3 Rg4 33. Kf3
Rg6 34. Re2 e5 35. dxe6+ Rxe6 36. Rh2 Kg7 37. Kf4 Rf6 38. Rg2+ Rg6 39. Rh2 Rh6
40. Re2 Kf7 41. Kxf5 Rf6+ 42. Kg5 Rg6+ 43. Kh5 Re6 44. Rf2+ Ke7 45. Kg5 c6 46.
Kh5 a6 47. Rh2 Kd7 48. Rg2 Re7 49. Kh6 b6 50. Rd2 b5 51. Rb2 d5 52. cxd5 cxd5
53. b4 Kc7 54. Rc2+ Kb7 55. Rc5 d4 56. Rd5 Re4 57. Kxh7 d3 58. Rxd3 Rxb4 59. Kg6
Rc4 60. a3 Kb6 61. Kf5 a5 62. Ke5 b4 63. Kd5 Rc5+ 64. Kd4 Rc6 {Game drawn by
mutual agreement} 1/2-1/2

[Event "Team 45 45 League T55"]
[Site "Internet Chess Club"]
[Date "2012.11.19"]
[Round "1"]
[White "MeansToAnEnd"]
[Black "Andressa"]
[Result "1-0"]
[WhiteElo "1463"]
[BlackElo "1359"]
[Opening "Queen's gambit declined"]
[ECO "D30"]
[Time "20:08:40"]
[TimeControl "2700+45"]

1. d4 d5 2. c4 e6 3. Nf3 Nf6 4. Bf4 Be7 5. e3 b6 6. Be2 Bb7 7. O-O Nbd7 8. Nc3
O-O 9. Nb5 c5 10. cxd5 Bxd5 11. Nc7 Rc8 12. Nxd5 Nxd5 13. Bg3 N7f6 14. Ba6 cxd4
15. Bxc8 Qxc8 16. Nxd4 Bc5 17. Rc1 Qa6 18. a3 Ne4 19. Nb3 Qb5 20. Nxc5 Nxc5 21.
b4 Ne4 22. Qd4 Nxg3 23. hxg3 Qa4 24. Qb2 h6 25. Rfd1 Qb5 26. Qc2 a5 27. bxa5
Qxa5 28. Qb3 Ra8 29. Ra1 Rc8 30. Rdc1 Rc3 31. Rxc3 Nxc3 32. Qb4 Ne2+ 33. Kf1 Qh5
34. Qb2 {Black resigns} 1-0

[Event "Team 45 45 League T55"]
[Site "Internet Chess Club"]
[Date "2012.11.17"]
[Round "1"]
[White "nuvi78"]
[Black "sere"]
[Result "0-1"]
[WhiteElo "1139"]
[BlackElo "1307"]
[Opening "Sicilian defense"]
[ECO "B30"]
[Time "10:11:22"]
[TimeControl "2700+45"]

1. e4 c5 2. Nf3 Nc6 3. Nc3 g6 4. Bc4 Bg7 5. Na4 d6 6. Nc3 Nf6 7. d3 O-O 8. O-O
Re8 9. Ne2 Bg4 10. Ng5 e6 11. Bf4 Nh5 12. Be3 Bd4 13. Bd2 Bxb2 14. Rb1 Bf6 15.
f3 Bh3 16. Nxh3 Rb8 17. c3 Bg7 18. Qa4 Qd7 19. Bb5 d5 20. Bxc6 bxc6 21. Rxb8
Rxb8 22. Nf2 dxe4 23. Qxe4 Rb6 24. Qb4 cxb4 25. c4 b3 26. axb3 Rxb3 27. Nc1 Rb1
28. Be3 Bd4 29. Bxd4 Qxd4 30. Ne2 Rxf1+ 31. Kxf1 Qa1+ 32. Nd1 Qxd1+ 33. Kf2 a5
34. g4 Nf6 35. Ke3 a4 36. Nc3 Qc1+ 37. Kd4 Qb2 38. Kc5 Qxc3 39. Kxc6 a3 40. d4
Qxc4+ 41. Kd6 Qxd4+ 42. Ke7 a2 43. g5 a1=Q 44. gxf6 Qaa7+ 45. Ke8 Qdd7# {White
checkmated} 0-1

[Event "Team 45 45 League T55"]
[Site "Internet Chess Club"]
[Date "2012.11.16"]
[Round "1"]
[White "Chess-Dream"]
[Black "creditordebit"]
[Result "1/2-1/2"]
[WhiteElo "2147"]
[BlackElo "1962"]
[Opening "English opening"]
[ECO "A20"]
[Time "19:15:38"]
[TimeControl "2700+45"]

1. c4 e5 2. g3 d5 3. cxd5 Qxd5 4. Nf3 Bd6 5. Nc3 Qa5 6. Bg2 Nf6 7. O-O O-O 8. d3
Nc6 9. Nd2 Be6 10. a3 Rad8 11. Rb1 Qa6 12. b4 Ne7 13. Qc2 c6 14. Bb2 Nf5 15.
Nce4 Nxe4 16. Nxe4 f6 17. e3 Be7 18. Rfd1 Qb6 19. Rbc1 Rf7 20. Nc5 Bxc5 21. Qxc5
Qxc5 22. Rxc5 Rfd7 23. Rc3 Nd6 24. a4 a5 25. Ba3 axb4 26. Bxb4 Nc4 27. Bf1 Bg4
28. Ra1 Nd2 29. Ba5 Ra8 30. Bb6 Nxf1 31. Kxf1 Bf3 32. d4 e4 33. Rc5 Kf7 34. a5
Ra6 35. Rac1 Bg4 36. d5 cxd5 37. Rc7 Kg6 38. Rxd7 Bxd7 39. Rc7 Bc6 40. Rc8 h5
41. Rd8 Kf5 42. Kg2 Ke6 43. Kh3 g5 44. Rh8 Kf7 45. Rb8 {Game drawn by mutual
agreement} 1/2-1/2

[Event "Team 45 45 League T55"]
[Site "Internet Chess Club"]
[Date "2012.11.18"]
[Round "1"]
[White "fishhead"]
[Black "WillC"]
[Result "1-0"]
[WhiteElo "1851"]
[BlackElo "1710"]
[Opening "French: Tarrasch, open variation"]
[ECO "C07"]
[Time "13:30:14"]
[TimeControl "2700+45"]

1. e4 e6 2. d4 d5 3. Nd2 c5 4. Ngf3 dxe4 5. Nxe4 cxd4 6. Qxd4 Qxd4 7. Nxd4 a6 8.
Bf4 Nf6 9. Bd3 Be7 10. Nd6+ Bxd6 11. Bxd6 Bd7 12. c4 Nc6 13. Nc2 O-O-O 14. O-O-O
Ne8 15. Bg3 e5 16. f3 Be6 17. b3 g6 18. Rhe1 f6 19. Bf2 Kc7 20. Kb2 Nd6 21. Kc3
Bf5 22. Bf1 Rd7 23. g4 Bxc2 24. Kxc2 Rhd8 25. Kc3 Nf7 26. Rxd7+ Rxd7 27. h4 Nd4
28. f4 Nc6 29. fxe5 Nfxe5 30. Bg3 Kd8 31. g5 Ke7 32. b4 b5 33. cxb5 axb5 34.
Bxb5 Kf7 35. Bxe5 fxe5 36. Bxc6 Rc7 37. b5 Ke6 38. a4 Kf5 39. a5 Kg4 40. Rxe5
Kxh4 41. Kd4 h5 42. gxh6 g5 43. Kc5 g4 44. Re4 Kh3 45. b6 Rf7 46. Rxg4 Kxg4 47.
b7 {Black resigns} 1-0

[Event "Team 45 45 League T55"]
[Site "Internet Chess Club"]
[Date "2012.11.17"]
[Round "1"]
[White "Packerfan"]
[Black "prapad"]
[Result "1-0"]
[WhiteElo "1762"]
[BlackElo "1686"]
[Opening "French: Winawer, advance, Bogolyubov variation"]
[ECO "C17"]
[Time "10:00:45"]
[TimeControl "2700+45"]

1. e4 e6 2. d4 d5 3. Nc3 Bb4 4. e5 c5 5. Bd2 Ne7 6. dxc5 Bxc5 7. Na4 Bb6 8. Nxb6
axb6 9. f4 Nf5 10. Nf3 Na6 11. Bd3 Nc5 12. Bxf5 exf5 13. O-O O-O 14. Be3 Ne4 15.
Qd4 b5 16. a3 Ra4 17. Qb6 Qxb6 18. Bxb6 b4 19. axb4 Rxb4 20. Bd4 Rc4 21. c3 Bd7
22. Ra7 Rb8 23. Rfa1 Rcc8 24. e6 fxe6 25. Be5 Kf7 26. Bxb8 Rxb8 27. Ne5+ Ke7 28.
Nxd7 Kxd7 29. Ra8 Kc7 30. Rxb8 Kxb8 31. Kf1 h6 32. Ke2 g5 33. fxg5 hxg5 34. Kd3
Nc5+ 35. Ke3 Ne4 36. Ra5 b6 37. Ra2 Kb7 38. Kd4 b5 39. Ke5 Nc5 40. Ra3 Kc6 41.
b4 Ne4 42. Kxe6 f4 43. Kf5 Kb6 44. h3 Kb7 45. Ke5 Kc6 46. Ra1 Nd2 47. Ra6+ Kb7
48. Rg6 f3 49. gxf3 Nxf3+ 50. Kxd5 Ng1 51. h4 Nh3 52. Rxg5 Nf4+ 53. Kc5 {Black
resigns} 1-0

[Event "Team 45 45 League T55"]
[Site "Internet Chess Club"]
[Date "2012.11.15"]
[Round "1"]
[White "jps7"]
[Black "Innes"]
[Result "0-1"]
[WhiteElo "1587"]
[BlackElo "1692"]
[Opening "Queen's pawn game"]
[ECO "D02"]
[Time "19:16:03"]
[TimeControl "2700+45"]

1. d4 d5 2. Nf3 c6 3. e3 Bf5 4. c4 e6 5. Qb3 Qc8 6. c5 Nd7 7. Nc3 b6 8. cxb6
Nxb6 9. Bd2 Rb8 10. Qd1 c5 11. Bb5+ Nd7 12. Qa4 Nf6 13. Ne5 Bd6 14. Nxd7 Nxd7
15. Qxa7 cxd4 16. Bxd7+ Qxd7 17. Qxd7+ Kxd7 18. exd4 Rxb2 19. a4 Rc8 20. a5 Bb4
21. a6 Rxd2 22. Kxd2 Bxc3+ 23. Ke3 Bxa1 24. Rxa1 Ra8 25. h3 Kc6 26. Kf4 Kb6 27.
Ke5 Rxa6 28. Rxa6+ Kxa6 29. Kd6 Kb5 30. Ke7 Kc4 31. Kxf7 Kxd4 32. Kxg7 Kd3 33.
Kf6 Ke2 34. g4 Bg6 35. Kxe6 d4 36. f4 d3 37. f5 d2 38. fxg6 hxg6 39. Kf6 d1=Q
40. Kxg6 Ke3 41. g5 Qh1 42. Kf7 Qxh3 43. g6 Qd7+ 44. Kf8 Qf5+ 45. Kg7 Ke4 46.
Kh6 Qf6 47. Kh7 Qh4+ 48. Kg8 Kf5 49. g7 Qd8+ 50. Kh7 Qe7 51. Kh8 Qf6 52. Kh7 Qf7
53. Kh8 Qh5+ 54. Kg8 Kf6 55. Kf8 Qh6 56. Ke8 Qxg7 57. Kd8 Ke6 58. Kc8 Kd6 59.
Kb8 Kc6 60. Ka8 Qb7# {White checkmated} 0-1

[Event "Team 45 45 League T55"]
[Site "Internet Chess Club"]
[Date "2012.11.18"]
[Round "1"]
[White "Dracoac"]
[Black "DarkFlow"]
[Result "0-1"]
[WhiteElo "1793"]
[BlackElo "1889"]
[Opening "Old Indian: main line"]
[ECO "A55"]
[Time "14:12:01"]
[TimeControl "2700+45"]

1. Nf3 d6 2. d4 Nf6 3. c4 Nbd7 4. Nc3 e5 5. e4 c6 6. Be2 Be7 7. O-O O-O 8. d5
Nc5 9. Qc2 a5 10. b3 cxd5 11. cxd5 Bg4 12. h3 Bh5 13. Bb2 Rc8 14. Bd3 Bxf3 15.
gxf3 Nh5 16. Kh2 Nf4 17. Bc4 Qd7 {White resigns} 0-1